Map: Croisement de Kairos EC

Players

Sorandom

  • Race: Zerg Zerg
  • League: Diamond
  • Spawn Location: 11:00

Mistaro - Winner!

  • Race: Protoss Protoss
  • Spawn Location: 5:00

VOD

Have the link to the VOD?

Description

Time

  • Played on: April 5, 2019, 3:46 p.m.
  • Length: 13:10
Show
View Real Time Build Order
Export as new Build Order

Sorandom Zerg 

Build Orders: Hatch First 

Get SALT Encoding   

  12  0:02  Drone  
  13  0:12  Overlord  
  13  0:25  Drone  
  14  0:31  Drone  
  14  0:32  Drone  
  16  0:37  Drone  
  17  0:46  Drone  
  18  1:01  Hatchery  
  17  1:12  Spawning Pool  
  17  1:13  Extractor  
  17  1:14  Drone  
  16  1:22  Drone x2  
  18  1:30  Drone  
  19  1:40  Drone  
  20  1:51  Drone  
  21  2:02  Overlord  
  21  2:10  Hatchery  
  21  2:12  Roach Warren  
  21  2:13  Drone  
  20  2:20  Drone  
  21  2:24  Drone x2  
  23  2:32  Queen  
  25  2:40  Queen  
  27  2:50  Drone x3  
  30  2:52  Drone  
  30  2:56  Drone x2  
  33  3:08  Lair  
  33  3:16  Drone x2  
  35  3:21  Overlord, Queen  
  37  3:27  Drone  
  37  3:30  Overlord  
  38  3:34  Drone x2  
  38  3:37  Drone  
  41  3:42  Drone x3  
  41  3:47  Drone x3  
  47  3:49  Extractor  
  47  3:54  Evolution Chamber x2, Drone  
  47  3:55  Extractor, Drone  
  45  4:00  Drone  
  46  4:05  Glial Reconstitution  
  46  4:06  Extractor  
  46  4:07  Overlord  
  45  4:10  Roach  
  45  4:11  Drone  
  45  4:12  Drone  
  45  4:14  Drone  
  50  4:21  Zerg Missile Weapons Level 1  
  50  4:27  Roach  
  50  4:28  Roach x3  
  50  4:30  Roach  
  60  4:31  Roach  
  62  4:40  Roach  
  62  4:42  Overlord x2  
  64  4:49  Roach  
  66  4:53  Overlord x2  
  66  5:00  Drone x2  
  66  5:02  Drone x2  
  66  5:03  Drone  
  71  5:09  Roach x5  
  71  5:11  Overlord  
  81  5:16  Roach x2  
  81  5:20  Roach x2  
  89  5:30  Roach x3  
  95  5:37  Roach x3  
  95  5:38  Roach  
  95  5:39  Overlord  
  103  5:43  Drone x3  
  103  5:47  Overlord  
  106  5:53  Overlord  
  106  5:54  Overlord  
  106  5:59  Zerg Ground Armor Level 1  
  106  6:05  Roach x3  
  106  6:06  Roach  
  114  6:20  Roach  
  114  6:21  Roach x6  
  128  6:27  Roach x3  
  128  6:31  Overlord  
  128  6:56  Drone x14  
  142  7:04  Overlord  
  142  7:08  Zerg Missile Weapons Level 2  
  142  7:17  Infestation Pit  
  141  7:24  Overlord x2  
  141  7:26  Roach x3  
  141  7:29  Hatchery  
  146  7:33  Drone x2  
  146  7:34  Extractor, Drone  
  146  7:35  Extractor  
  147  7:37  Drone x3  
  147  7:41  Hatchery  
  149  7:46  Roach x7  
  163  7:53  Roach  
  163  7:54  Zerg Ground Armor Level 2  
  163  7:58  Hive  
  165  8:00  Queen  
  155  8:15  Overlord x3  
  155  8:16  Roach  
  155  8:17  Roach x5  
  167  8:29  Overlord x2  
  167  8:30  Roach  
  135  8:59  Roach x3  
  135  9:00  Roach x9  
  135  9:02  Drone  
  154  9:17  Roach  
  154  9:18  Roach x5  
  166  9:25  Zerg Missile Weapons Level 3  
  166  9:27  Roach x5  
  176  9:35  Roach x4  
  176  9:36  Roach x3  
  154  10:33  Roach x10  
  154  10:34  Roach x7  
  188  10:45  Roach x5  
  198  11:03  Roach  
  190  11:42  Roach x3  
  190  11:43  Roach x8  
  190  11:44  Roach  
  192  11:54  Roach x5  
  170  12:43  Roach x6  
  170  12:44  Roach x11  
Show
View Real Time Build Order
Export as new Build Order

Mistaro Protoss - Winner!

Build Orders:  

Get SALT Encoding   

  12  0:01  Probe  
  13  0:10  Probe  
  13  0:20  Pylon  
  14  0:23  Probe  
  15  0:38  Probe  
  15  0:42  Gateway  
  16  0:48  Assimilator  
  16  0:50  Probe  
  17  0:57  Assimilator  
  17  0:59  Probe  
  18  1:07  Probe  
  19  1:14  Gateway  
  19  1:20  Pylon  
  19  1:33  Cybernetics Core  
  19  1:44  Probe  
  20  1:56  Probe  
  21  2:09  Nexus  
  21  2:23  Warp Gate, Probe  
  22  2:31  Probe  
  22  2:36  Stalker  
  25  2:38  Sentry  
  25  2:41  Probe  
  28  2:50  Pylon  
  28  2:53  Probe  
  28  2:56  Pylon  
  29  3:18  Robotics Facility  
  29  3:21  Twilight Council  
  29  3:27  Gateway  
  29  3:31  Gateway  
  29  3:40  Gateway  
  29  3:45  Probe  
  29  3:46  Probe  
  31  3:54  Stalker  
  33  3:58  Stalker  
  33  4:00  Blink  
  35  4:09  Probe  
  35  4:13  Probe  
  37  4:17  Probe  
  38  4:25  Probe  
  38  4:27  Probe  
  40  4:35  Stalker  
  40  4:37  Probe  
  43  4:40  Stalker  
  43  4:41  Stalker  
  43  4:42  Stalker  
  49  4:47  Stalker  
  51  5:01  Stalker  
  51  5:06  Probe x2  
  55  5:10  Assimilator  
  55  5:12  Assimilator  
  55  5:15  Stalker  
  55  5:17  Stalker  
  55  5:18  Probe x2  
  61  5:30  Probe  
  62  5:49  Pylon  
  62  5:51  Pylon  
  62  5:54  Pylon  
  62  6:07  Probe x2  
  62  6:08  Observer  
  62  6:09  Pylon  
  65  6:22  Stalker x3  
  65  6:24  Stalker x2  
  75  6:31  Pylon  
  55  7:00  Stalker  
  56  7:01  Stalker x3  
  56  7:02  Stalker  
  56  7:06  Probe  
  64  7:10  Probe  
  64  7:14  Probe  
  66  7:21  Pylon  
  66  7:22  Probe  
  68  7:24  Probe, Pylon  
  68  7:26  Pylon  
  68  7:29  Pylon  
  69  7:32  Robotics Facility, Immortal  
  69  7:34  Probe  
  69  7:37  Robotics Facility  
  74  7:57  Pylon  
  74  8:00  Pylon, Stalker x2  
  74  8:02  Immortal  
  74  8:04  Pylon  
  82  8:30  Immortal  
  66  8:52  Immortal  
  66  8:54  Immortal  
  68  9:02  Immortal, Stalker x2  
  72  9:24  Immortal x2  
  80  9:39  Immortal  
  68  10:02  Immortal  
  68  10:03  Immortal  
  68  10:12  Immortal  
  62  10:33  Immortal  
  70  10:42  Immortal  
  70  10:47  Immortal  
  70  10:48  Nexus  
  74  11:05  Probe  
  74  11:08  Probe  
  76  11:13  Probe  
  77  11:20  Probe  
  77  11:22  Probe, Immortal  
  83  11:29  Zealot  
  83  11:30  Zealot x2  
  83  11:31  Zealot x2  
  83  11:32  Probe  
  83  11:50  Forge  
  83  11:52  Forge  
  83  11:59  Stalker x4  
  83  12:00  Stalker  
  93  12:03  Immortal  
  97  12:18  Probe  
  97  12:20  Probe x2  
  100  12:27  Probe  
  100  12:32  Probe  
  100  12:33  Stalker x4  
Tags
 
League
Diamond
Matchup
PvZ
Replay Pack
Pack 2
Spawn Locations
Cross Positions
Add a new tag
Caveats
  • Supply blocks, unpowered buildings, or Contaminate may cause inaccurate times.
  • Supply counts are checked every 10 seconds.